 Dungeon Crawl Stone Soup version 0.31-a0-190-g4feb4907b2 (webtiles) character file.

Game seed: 18394902285715036940

39 qw the Shooter (level 3, -1/20 HPs)
             Began as a Deep Elf Hunter on June 23, 2023.
             Slain by a hobgoblin (3 damage)
             ... on level 2 of the Dungeon.
             The game lasted 00:00:15 (713 turns).

qw the Shooter (Deep Elf Hunter)                     Turns: 713, Time: 00:00:15

Health: -1/20      AC:  4    Str: 10    XL:     3   Next: 26%
Magic:  5/5        EV: 12    Int: 13    God:
Gold:   2          SH:  0    Dex: 18    Spells: 2/2 levels left

rFire   . . .        a - +0 shortbow
rCold   . . .        (shield currently unavailable)
rNeg    . . .        c - +0 leather armour
rPois   .            (no helmet)
rElec   .            (no cloak)
rCorr   .            (no gloves)
SInv    .            f - +0 pair of boots
Will    .....        (no amulet)
Stlth   ++           (no ring)
HPRegen 0.23/turn    (no ring)
MPRegen 0.09/turn

%: no passive effects
@: no status effects
A: no striking features
a: no special abilities


You were on level 2 of the Dungeon.
You visited 1 branch of the dungeon, and saw 2 of its levels.

You collected 2 gold pieces.


   Skills:
 - Level 1.5 Fighting
 + Level 6.8 Ranged Weapons
 - Level 2.4 Dodging
 - Level 1.2 Stealth


You had 2 spell levels left.
You didn't know any spells.
Your spell library was empty.

Inventory:

Hand Weapons
 a - a +0 shortbow (weapon)
Armour
 c - a +0 leather armour (worn)
 f - a +0 pair of boots (worn)
Potions
 d - a potion of berserk rage {unknown}
 e - a potion of haste {unknown}

Dungeon Overview and Level Annotations

Branches:
Dungeon (2/15)

Altars:

Annotations:
D:2 Jessica


Message History

The hobgoblin hits you. The jackal barely misses you.
The jackal closely misses you.
You shoot an arrow. The arrow hits the hobgoblin!
You kill the hobgoblin!
The quokka barely misses you. The hobgoblin barely misses you.
The hobgoblin hits you but does no damage.
The jackal misses you. x2; The quokka barely misses you.
You shoot an arrow. The arrow hits the hobgoblin.
You kill the hobgoblin!
The jackal bites you but does no damage.
The jackal bites you. The hobgoblin hits you. The quokka bites you.
The jackal closely misses you. x2
The hobgoblin hits you but does no damage.
You shoot an arrow. The arrow hits the quokka.
The quokka is almost dead.
The quokka misses you. The jackal barely misses you. The jackal bites you.
The hobgoblin hits you but does no damage.
The quokka misses you.
You shoot an arrow. The arrow hits the quokka!
You kill the quokka!
The jackal completely misses you. The jackal closely misses you. x2
The jackal barely misses you. x2; The hobgoblin closely misses you.
You shoot an arrow.
The arrow hits the hobgoblin but does no damage.
The jackal closely misses you.
The jackal bites you but does no damage.
The jackal closely misses you. The hobgoblin barely misses you.
The hobgoblin hits you. The jackal closely misses you.
You shoot an arrow. The arrow hits the hobgoblin!
You kill the hobgoblin!
The jackal barely misses you. The jackal closely misses you.
The jackal bites you. The hobgoblin misses you. The jackal closely misses you.
The jackal bites you.
You shoot an arrow. The arrow hits the hobgoblin.
The hobgoblin is lightly wounded.
The jackal bites you but does no damage.
The jackal misses you.
The jackal bites you but does no damage.
The hobgoblin hits you.
You die...

.........#
.........#
.........##
..........
.........#
.........######
...)..hh%......
.....hh@..#
......g........
#..............
.......#.##.?..
...#### .# ...
.. ## .. . .


You could see 4 jackals and a hobgoblin.

Vanquished Creatures
  2 dart slugs (D:1)
  5 endoplasms (D:1)
  2 giant cockroaches (D:1)
  5 hobgoblins
  4 jackals (D:1)
  A quokka (D:2)
  5 ball pythons (D:1)
  2 frilled lizards (D:1)
  2 goblins (D:1)
  A kobold (D:1)
  3 rats
32 creatures vanquished.

Notes
Turn   | Place    | Note
-------+----------+-------------------------------------------
     0 | D:1      | qw the Deep Elf Hunter began the quest for the Orb.
     0 | D:1      | Reached XP level 1. HP: 12/12 MP: 3/3
     0 | D:1      | 0 ||| qw: Version: 0.3-a-9-g12657ce
     0 | D:1      | 0 ||| qw: Game counter: 4469
     0 | D:1      | 0 ||| qw: Always use a shield: true
     0 | D:1      | 0 ||| qw: God list: Okawaru
     0 | D:1      | 0 ||| qw: Allow faded altars: false
     0 | D:1      | 0 ||| qw: Do Orc after D:15 true
     0 | D:1      | 0 ||| qw: Do second Lair branch before Depths: true
     0 | D:1      | 0 ||| qw: Lair rune preference: random
     0 | D:1      | 0 ||| qw: Plans: Normal
     0 | D:1      | 0 ||| PLANNING D:1-11
    79 | D:1      | Reached skill level 6 in Ranged Weapons
    79 | D:1      | Reached XP level 2. HP: 16/16 MP: 4/4
   330 | D:1      | Reached XP level 3. HP: 20/20 MP: 5/5
   652 | D:1      | 652 ||| UPGRADING to +0 pair of boots.
   657 | D:1      | 657 ||| DROPPING scroll of butterflies.
   701 | D:2      | Noticed Jessica
   712 | D:2      | HP: 5/20 [jackal (2)]
   712 | D:2      | HP: 2/20 [jackal (3)]
   713 | D:2      | Slain by a hobgoblin

Levels and vault maps discovered:
D:1:      lemuel_arrival_lava_pool, layout_basic
D:2:      layout_rooms, uniq_jessica, uniq_crazy_yiuf_cottage

Skill      XL: |  1 |
---------------+----+-----
Ranged Weapons | 6 |  6.8
Fighting       | |  1.5
Dodging        | |  2.4
Stealth        | |  1.2

Action                     || total
---------------------------++-------
   Fire: Shortbow          ||    65
 Armour: Leather armour    ||    12
  Dodge: Dodged            ||    31

Table legend:
 A = Non-vault XP
 B = Vault XP
 C = Vault XP percentage of total XP
 D = Non-vault monster count
 E = Vault monster count
 F = Vault count percentage of total count
                 A         B        C        D         E       F
            +---------+---------+-------+---------+---------+-------
      Total |      56 |       0 |   0.0 |      32 |       0 |   0.0
            +---------+---------+-------+---------+---------+-------
        D:1 |      47 |       0 |   0.0 |      27 |       0 |   0.0
        D:2 |       9 |       0 |   0.0 |       5 |       0 |   0.0
            +---------+---------+-------+---------+---------+-------
